 Dungeon Crawl Stone Soup version 0.22.0-40-g68aacdc4c8 (webtiles) character file.

34 Kaderl the Firebug (level 3, -4/24 HPs)
             Began as a Human Fire Elementalist on Sept 1, 2018.
             Slain by Sigmund
             ... wielding a +0 scythe
              (7 damage)
             ... on level 2 of the Dungeon.
             The game lasted 00:10:50 (1749 turns).

Kaderl the Firebug (Human Fire Elementalist)        Turns: 1749, Time: 00:10:50

Health: -4/24      AC:  3    Str:  8    XL:     3   Next: 50%
Magic:  6/6        EV: 13    Int: 16    God:
Gold:   75         SH:  0    Dex: 13    Spells: 2/6 levels left

rFire    . . .     SeeInvis .   d - +0 dagger
rCold    . . .     Gourm    .   (no shield)
rNeg     . . .     Faith    .   e - +0 robe
rPois    .         Spirit   .   (no helmet)
rElec    .         Reflect  .   (no cloak)
rCorr    .         Harm     .   (no gloves)
MR       .....                  j - +0 pair of boots
Stlth    ++........             (no amulet)
HPRegen  0.08/turn              (no ring)
MPRegen  0.10/turn              (no ring)

@: no status effects
A: no striking features
a: no special abilities


You were on level 2 of the Dungeon.
You were not hungry.

You visited 1 branch of the dungeon, and saw 3 of its levels.

You collected 75 gold pieces.

Inventory:

Hand Weapons
 d - a +0 dagger (weapon)
Armour
 e - a +0 robe (worn)
 j - a +0 pair of boots (worn)
 o - a +2 pair of gloves
Jewellery
 k - an uncursed ring of poison resistance {unknown}
Scrolls
 b - a scroll of fog
 g - a scroll of amnesia {unknown}
 h - a scroll of blinking {unknown}
 i - a scroll of teleportation {unknown}
 m - a scroll of identify {unknown}
 n - a scroll of enchant weapon {unknown}
Potions
 a - a potion of invisibility {unknown}
 f - a potion of agility {unknown}
 l - a potion of ambrosia {unknown}
Comestibles
 c - a ration


   Skills:
 + Level 0.1 Fighting
 + Level 0.2 Short Blades
 + Level 2.6 Dodging
 + Level 2.4 Stealth
 + Level 2.1 Spellcasting
 + Level 1.3 Conjurations
 + Level 3.3 Fire Magic


You had 2 spell levels left.
You knew the following spells:

 Your Spells              Type           Power        Failure   Level  Hunger
a - Flame Tongue          Conj/Fire      #....        8%          1    #......
b - Conjure Flame         Conj/Fire      #.......     24%         3    ###....

Your spell library contained the following spells:

 Spells                   Type           Power        Failure   Level  Hunger
 Throw Flame              Conj/Fire      #.....       12%         2    ###....
 Inner Flame              Hex/Fire       #.......     30%         3    ###....
 Sticky Flame             Conj/Fire      #.......     61%         4    #####..
 Fireball                 Conj/Fire      #.........   91%         5    ######.


Dungeon Overview and Level Annotations

Branches:
Dungeon (3/15)

Altars:
Cheibriados
The Shining One

Annotations:
D:2 Sigmund


Message History

Confirm with . or Enter, or press ? or * to list all spells.
Aiming: Flame Tongue (safe; 8% risk of failure)
Press: ? - help, Shift-Dir - straight line, f/p - hobgoblin
Aim: a hobgoblin (lightly wounded)
The flame tongue hits the hobgoblin.
You kill the hobgoblin!
n - a scroll labeled BOAFIO OLOWED
Okay, then.
Your magical contamination has completely faded away.
There is a stone staircase leading down here.
You see here a pair of embroidered gloves.
o - a pair of embroidered gloves Sigmund hits you from afar with a scythe!
Ouch! That really hurt!
* * * LOW HITPOINT WARNING * * *
Sigmund giggles. "Time to reap what you sow."
There is a stone staircase leading down here.
You can't go up here!
Sigmund hits you from afar with a scythe!
You die...

.....# ####.#
#.###################
#.##................#
#.##.##############.#
####.##.###### #.#
........##...# #.#
####.#####.#.###### #.# ##
####.###...#....@.####.##.##
.........#####.##.@..#.#...#.
.....###...#...##............
.##### ###.#.####.####.......
.# #...# #.# ........ . .#
##.#####.####†...... . .#
#.......##.........###. .#
##########.###...#..... ##
#.# #.#......


You could see Sigmund.

Vanquished Creatures
  2 dart slugs
  A giant cockroach (D:1)
  3 goblins (D:1)
  4 hobgoblins
  3 jackals (D:3)
  4 kobolds
  A quokka (D:2)
  A ball python (D:2)
  4 bats
  3 frilled lizards
  3 rats
29 creatures vanquished.

Notes
Turn   | Place    | Note
-------+----------+-------------------------------------------
     0 | D:1      | Kaderl the Human Fire Elementalist began the quest for the Orb.
     0 | D:1      | Reached XP level 1. HP: 13/13 MP: 3/3
   151 | D:1      | Reached XP level 2. HP: 11/19 MP: 5/5
   809 | D:2      | Found a snail-covered altar of Cheibriados.
   821 | D:2      | Reached XP level 3. HP: 24/24 MP: 4/6
   833 | D:2      | Learned a level 3 spell: Conjure Flame
   969 | D:2      | Found a glowing golden altar of the Shining One.
  1329 | D:2      | Noticed Sigmund
  1749 | D:2      | Slain by Sigmund

Action                   || total
-------------------------++-------
Melee: Unarmed           ||     4
       Dagger            ||    53
 Cast: Flame Tongue      ||    38
  Use: Scroll            ||     1
 Stab: Sleeping          ||     5
  Eat: Ration            ||     2
Armor: Robe              ||    10
Dodge: Dodged            ||    52
